 Dungeon Crawl Stone Soup version 0.21.1-1-g345015f (webtiles) character file.

35 letownia2 the Conjurer (level 3, 0/19 HPs)
             Began as a Tengu Fire Elementalist on Mar 4, 2018.
             Slain by an orc priest
             ... wielding a +0 mace
              (4 damage)
             ... on level 4 of the Dungeon.
             The game lasted 00:02:45 (740 turns).

letownia2 the Conjurer (Tengu Fire Elementalist)     Turns: 740, Time: 00:02:46

Health: 0/19       AC:  3    Str:  8    XL:     3   Next: 33%
Magic:  0/7        EV: 12    Int: 16    God:
Gold:   80         SH:  0    Dex: 14    Spells: 2/6 levels left

rFire    . . .     SeeInvis .   d - -1 hand axe (curse)
rCold    . . .     Gourm    .   (no shield)
rNeg     . . .     Faith    .   m - +0 robe {MR+}
rPois    .         Spirit   .   (helmet restricted)
rElec    .         Reflect  .   l - +0 cloak
rCorr    .         Harm     .   (no gloves)
MR       +....                  (boots unavailable)
Stlth    ++........             (no amulet)
HPRegen  0.06/turn              (no ring)
MPRegen  0.10/turn              (no ring)

@: no status effects
A: beak, talons 3
a: no special abilities


You were on level 4 of the Dungeon.
You were not hungry.

You visited 1 branch of the dungeon, and saw 4 of its levels.

You collected 80 gold pieces.

Inventory:

Hand Weapons
 d - a cursed -1 hand axe (weapon)
 o - a +3 hunting sling
Armour
 a - a +0 robe
 l - a +0 cloak (worn)
 m - a +0 robe of magic resistance (worn)
Scrolls
 e - 2 scrolls of remove curse {unknown}
 f - 2 scrolls of enchant armour {unknown}
 j - a scroll of enchant weapon {unknown}
 k - a scroll of immolation {unknown}
 n - a scroll of identify {unknown}
 p - a scroll of amnesia {unknown}
Potions
 g - a potion of haste {unknown}
 h - a potion of curing {unknown}
 i - a potion of lignification {unknown}
Books
 b - a book of Flames

   Spells                             Type                      Level
   a - Flame Tongue                   Conjuration/Fire             1
   b - Throw Flame                    Conjuration/Fire             2
   c - Conjure Flame                  Conjuration/Fire             3
   d - Inner Flame                    Hexes/Fire                   3
   e - Sticky Flame                   Conjuration/Fire             4
   f - Fireball                       Conjuration/Fire             5
Comestibles
 c - 3 rations


   Skills:
 - Level 2.1 Dodging
 - Level 2.0 Stealth
 - Level 2.0 Spellcasting
 + Level 4.2 Conjurations
 - Level 3.2 Fire Magic


You had 2 spell levels left.
You knew the following spells:

 Your Spells              Type           Power        Failure   Level  Hunger
a - Flame Tongue          Conj/Fire      ##...        4%          1    #......
c - Conjure Flame         Conj/Fire      ##......     13%         3    ###....


Dungeon Overview and Level Annotations

Branches:
Dungeon (4/15)
 Temple: D:4-7

Altars:


Innate Abilities, Weirdness & Mutations

You have a beak for a mouth.
You have claws for feet.


Message History

Casting: Flame Tongue
Confirm with . or Enter, or press ? or * to list all spells.
Aiming: Flame Tongue
Press: ? - help, Shift-Dir - straight line, f/p - orc priest
Aim: an orc priest, wielding a mace (severely wounded)
The flame tongue hits the orc priest.
The orc priest is severely wounded.
The orc priest calls upon Beogh to heal the orc.
The orc's wounds heal themselves!
Unknown command.
Unknown command.
Casting: Flame Tongue
Confirm with . or Enter, or press ? or * to list all spells.
Aiming: Flame Tongue
Press: ? - help, Shift-Dir - straight line, f/p - orc priest
Aim: an orc priest, wielding a mace (severely wounded)
The flame tongue hits the orc priest.
The orc priest is almost dead.
The orc priest hits you with a mace.
You die...

..### ##...##
#.##.####.# # ##+##
#. #.# #.# #. #.##
#.# #) #..# #.# # #.
##.# #.# ###? #. #.#
#.# ..... #.###.###.#
#...#######.........#
#.ooo@...######.#####
##.#####........#
##########


You could see an orc priest and 2 orcs.

Vanquished Creatures
  A worm (D:3)
  A dart slug (D:2)
  2 orcs
  2 bats
  3 goblins
  4 hobgoblins
  3 jackals (D:2)
  A kobold (D:2)
  5 frilled lizards
  4 rats
26 creatures vanquished.

Notes
Turn   | Place    | Note
-------+----------+-------------------------------------------
     0 | D:1      | letownia2 the Tengu Fire Elementalist began the quest for the Orb.
     0 | D:1      | Reached XP level 1. HP: 10/10 MP: 4/4
    33 | D:1      | Reached skill level 2 in Conjurations
    84 | D:1      | Reached XP level 2. HP: 15/15 MP: 0/6
   128 | D:2      | Reached skill level 3 in Conjurations
   556 | D:3      | Reached skill level 4 in Conjurations
   556 | D:3      | Reached XP level 3. HP: 19/19 MP: 3/7
   561 | D:3      | Learned a level 3 spell: Conjure Flame
   740 | D:4      | Slain by an orc priest

Skill      XL: |  1  2 |
---------------+-------+-----
Conjurations   | 2 4 |  4.2
Dodging        | |  2.1
Stealth        | |  2.0
Spellcasting   | |  2.0
Fire Magic     | |  3.2

Action                   || total
-------------------------++-------
Melee: Unarmed           ||     4
       Kick              ||     4
       Hand axe          ||    17
       Peck              ||     2
 Cast: Flame Tongue      ||    44
Armor: Robe              ||    10
Dodge: Dodged            ||    17
